[Event "Titled Tuesday Blitz April 19 Early 2022"]
[White "Zhurikhin, Alexander"]
[Black "Zor, Alber Kadir"]
[WhiteFideId "4139569"]
[BlackFideId "6353169"]
[WhiteElo "2204"]
[BlackElo "1966"]
[Result "1-0"]
[Round "05"]
[TimeControl "180+1"]
[Date "2022.04.19"]
[WhiteClock "0:00:04"]
[BlackClock "0:00:09"]

1. c4 c6 2. Nf3 d5 3. g3 dxc4 4. Bg2 Nf6 5. O-O b5 6. a4 Bb7 7. Na3 a6 8. b3 cxb3 9. Qxb3 Nbd7 10. axb5 axb5 11. Nd4 Qb6 12. Bb2 e6 13. Naxb5 Rxa1 14. Rxa1 cxb5 15. Bxb7 Qxb7 16. Nxb5 Nb6 17. Ra7 Qc6 18. Bxf6 gxf6 19. Nc7+ Kd8 20. Nb5 Qc1+ 21. Kg2 Qc6+ 22. f3 Be7 23. Nd4 Qc5 24. e3 Nc8 25. Rb7 Ke8 26. Qa4+ Kf8 27. Qd7 Kg7 28. Rc7 Qd6 29. Qc6 Qxc6 30. Nxc6 Bd6 31. Rd7 Bc5 32. Nd8 Rf8 33. Nxe6+ Kg8 34. Nxc5 Nb6 35. Rd4 Rc8 36. Ne4 Rc1 37. Nxf6+ Kg7 38. Ne4 Na4 39. Ng5 Nb2 40. Ne4 Rd1 41. h4 Rb1 42. g4 Nd1 43. g5 Rb2 44. Kg3 Rb1 45. h5 h6 46. gxh6+ Kxh6 47. Rd6+ Kg7 48. h6+ Kh7 49. Ng5+ Kg8 50. Rd8# 1-0


[Site "https://www.chess.com"]

[Event "Titled Tuesday Blitz April 19 Early 2022"]
[White "Zia, Tahsin Tajwar"]
[Black "Tristan, Leonardo"]
[WhiteFideId "10211888"]
[BlackFideId "113816"]
[WhiteElo "1800"]
[BlackElo "2404"]
[Result "0-1"]
[Round "05"]
[TimeControl "180+1"]
[Date "2022.04.19"]
[WhiteClock "0:00:35"]
[BlackClock "0:00:28"]

1. d4 d5 2. Nf3 Nf6 3. c4 e6 4. g3 Be7 5. Bg2 O-O 6. O-O dxc4 7. Qc2 a6 8. a4 Bd7 9. Qxc4 Bc6 10. Bg5 a5 11. Rd1 Ra6 12. Nc3 Rb6 13. e4 Nxe4 14. Bxe7 Qxe7 15. Ne5 Nxc3 16. Nxc6 Ne2+ 17. Qxe2 Nxc6 18. Rac1 Qb4 19. Bxc6 bxc6 20. Rc4 Qxb2 21. Qe5 Rb4 22. Rdc1 Rxc4 23. Rxc4 Qb1+ 24. Kg2 Qb7 25. Qc5 Rd8 26. h4 h6 27. f3 Qb6 28. Kh3 Qxc5 29. Rxc5 Rd5 30. Rc4 Kf8 31. Kg4 Ke7 32. Kf4 Kd6 33. Ke4 c5 34. dxc5+ Rxc5 35. Rd4+ Rd5 36. Rc4 c5 37. f4 Rd4+ 38. Rxd4+ cxd4 39. Kxd4 h5 40. Kc4 Kc6 41. Kd4 f6 42. Kc4 e5 43. fxe5 fxe5 44. Kc3 Kc5 45. Kd3 Kb4 46. Ke4 Kxa4 47. Kxe5 Kb3 48. Kf5 a4 49. Kg6 a3 50. g4 hxg4 51. Kxg7 g3 52. h5 g2 53. h6 g1=Q+ 0-1


[Site "https://www.chess.com"]

[Event "Titled Tuesday Blitz April 19 Early 2022"]
[White "Aaditya Dhingra"]
[Black "Mirzoev, Azer"]
[WhiteFideId "25678191"]
[BlackFideId "13400304"]
[WhiteElo "1849"]
[BlackElo "2525"]
[Result "0-1"]
[Round "06"]
[TimeControl "180+1"]
[Date "2022.04.19"]
[WhiteClock "0:00:01"]
[BlackClock "0:00:50"]

1. a3 d5 2. c4 d4 3. Nf3 f6 4. d3 e5 5. g3 a5 6. Bg2 Nc6 7. O-O Bg4 8. h3 Bf5 9. Nbd2 Qd7 10. Kh2 Nh6 11. Rb1 Nf7 12. b4 axb4 13. axb4 Bxb4 14. Nh4 Nfd8 15. Nxf5 Qxf5 16. Ne4 O-O 17. f4 exf4 18. Bxf4 Qd7 19. g4 Re8 20. Bg3 Kh8 21. g5 f5 22. Nd2 Bd6 23. Bf3 Ra2 24. Rb5 Bxg3+ 25. Kxg3 g6 26. h4 Qd6+ 27. Kg2 Kg7 28. Rd5 Qe7 29. Nb3 Ne6 30. Qc1 Nb4 31. Qb1 Nf4+ 32. Kg3 Nxe2+ 33. Bxe2 Rxe2 34. Nxd4 Re3+ 35. Nf3 Nxd5 36. cxd5 Qd6+ 37. Kg2 Re2+ 38. Kh3 Qxd5 0-1


[Site "https://www.chess.com"]

[Event "Titled Tuesday Blitz April 19 Early 2022"]
[White "Acosta Cruz, Oscar Yosimar"]
[Black "Khamdamova, Afruza"]
[WhiteFideId "5111269"]
[BlackFideId "14210444"]
[WhiteElo "2147"]
[BlackElo "1660"]
[Result "0-1"]
[Round "06"]
[TimeControl "180+1"]
[Date "2022.04.19"]
[WhiteClock "0:01:50"]
[BlackClock "0:02:04"]

1. e4 e5 2. Nf3 Nf6 3. Nc3 Nc6 4. Bb5 Bc5 5. Nxe5 Nxe5 6. d4 Bd6 7. f4 Nc6 8. O-O O-O 9. e5 Be7 10. f5 d5 11. Be3 Ne4 12. Ne2 Bg5 13. Nf4 Bxf5 14. Nxd5 Qxd5 15. Bxc6 Bxe3+ 16. Kh1 bxc6 17. Rxf5 Nf2+ 18. Rxf2 Bxf2 19. Qg4 Qxd4 0-1


[Site "https://www.chess.com"]

[Event "Titled Tuesday Blitz April 19 Early 2022"]
[White "Agasarov, Benik"]
[Black "Sarkar, Justin"]
[WhiteFideId "13314823"]
[BlackFideId "2010011"]
[WhiteElo "2507"]
[BlackElo "2038"]
[Result "0-1"]
[Round "06"]
[TimeControl "180+1"]
[Date "2022.04.19"]
[WhiteClock "0:00:01"]
[BlackClock "0:00:04"]

1. d4 e6 2. e4 d5 3. Bd3 c5 4. exd5 Qxd5 5. Nc3 Qxd4 6. Nf3 Qd8 7. Bf4 Nf6 8. O-O Nc6 9. Nb5 Nd5 10. Bg3 a6 11. c4 axb5 12. cxd5 exd5 13. Bxb5 Be7 14. Ne5 Bd7 15. Re1 Nxe5 16. Bxe5 O-O 17. Bd3 Be6 18. Qh5 g6 19. Qf3 c4 20. Bc2 d4 21. Be4 d3 22. Qe3 Re8 23. Bxb7 Ra5 24. Bc6 Bd7 25. Qh6 Bf6 26. Bxf6 Qxf6 27. Bxd7 Rxe1+ 28. Rxe1 Ra8 29. Qd2 Rd8 30. Bg4 Qd4 31. Bf3 h5 32. Rc1 Rb8 33. b3 cxb3 34. axb3 Rxb3 35. Rd1 Rb2 36. Qxd3 Qxf2+ 37. Kh1 Kg7 38. Qd4+ Qxd4 39. Rxd4 Rb1+ 40. Rd1 Rb2 41. Rf1 f5 42. h3 Rc2 43. Kh2 Rd2 44. Kg3 Rc2 45. Ra1 Rc3 46. Ra7+ Kf6 47. h4 Rc4 48. Ra6+ Kg7 49. Bd5 Rd4 50. Bf3 Rc4 51. Ra3 Rd4 52. Ra1 Rc4 53. Rd1 Rb4 54. Rh1 Kf6 55. Kf2 Rb3 56. Ke2 Rc3 57. Rd1 Rb3 58. Rd6+ Kg7 59. Bd5 Rb4 60. g3 f4 61. Kf3 fxg3 62. Kxg3 Rd4 63. Bf3 Rxd6 64. Kf4 Rd4+ 65. Kg5 Rc4 66. Be2 Rd4 67. Bf3 Rb4 68. Be2 Ra4 69. Bd3 Ra5+ 70. Kf4 Kf6 71. Kg3 Ra4 72. Kh2 Rd4 73. Bf1 Rxh4+ 74. Kg3 g5 75. Be2 Kf5 76. Bd3+ Ke5 77. Be2 Rh1 78. Bf3 Rg1+ 79. Kh2 Rf1 80. Bxh5 Kf4 81. Kg2 Rc1 82. Bg6 Ra1 83. Bf7 g4 84. Bd5 Rb1 85. Bc6 Rb2+ 86. Kg1 Kg3 87. Bg2 Rb1+ 88. Bf1 Rc1 89. Kh1 Rxf1# 0-1


[Site "https://www.chess.com"]

[Event "Titled Tuesday Blitz April 19 Early 2022"]
[White "Alekseenko, Kirill"]
[Black "Nakamura, Hikaru"]
[WhiteFideId "4135539"]
[BlackFideId "2016192"]
[WhiteElo "2682"]
[BlackElo "2850"]
[Result "0-1"]
[Round "06"]
[TimeControl "180+1"]
[Date "2022.04.19"]
[WhiteClock "0:00:12"]
[BlackClock "0:00:17"]

1. e4 e5 2. Nf3 Nc6 3. Bb5 Nf6 4. d3 Bc5 5. Bxc6 dxc6 6. Qe2 Nd7 7. Be3 Bxe3 8. Qxe3 Qe7 9. Nc3 b6 10. Ne2 Bb7 11. a4 a5 12. O-O Nc5 13. Nd2 O-O 14. f4 exf4 15. Rxf4 f5 16. Raf1 fxe4 17. Rxf8+ Rxf8 18. Rxf8+ Kxf8 19. d4 Nxa4 20. b3 Nb2 21. Ng3 c5 22. Ndxe4 c4 23. Qf4+ Kg8 24. Qg4 Kh8 25. h3 cxb3 26. cxb3 Nd3 27. Nf5 Qf8 28. Neg3 Bc8 29. Qe4 Bxf5 30. Nxf5 Nc1 31. Qc2 Nxb3 32. Qxc7 a4 33. g4 a3 34. Qa7 g6 35. Qa4 gxf5 36. Qxb3 fxg4 37. hxg4 Qd6 38. Kg2 Kg7 39. Kh3 h6 40. d5 Kf6 41. Qe3 Kf7 42. Qf3+ Ke8 43. Qe3+ Kd8 44. Qb3 Kc7 45. Kh4 Qh2+ 0-1


[Site "https://www.chess.com"]

[Event "Titled Tuesday Blitz April 19 Early 2022"]
[White "Ambartsumova, Karina"]
[Black "Rom, Jasper"]
[WhiteFideId "4166299"]
[BlackFideId "2023733"]
[WhiteElo "2262"]
[BlackElo "2233"]
[Result "1-0"]
[Round "06"]
[TimeControl "180+1"]
[Date "2022.04.19"]
[WhiteClock "0:00:14"]
[BlackClock "0:00:02"]

1. e4 e6 2. d4 d5 3. Nc3 Nf6 4. Nge2 c5 5. exd5 Nxd5 6. Ne4 Nd7 7. c3 Be7 8. g3 O-O 9. Bg2 f5 10. Nxc5 Nxc5 11. dxc5 Bxc5 12. O-O a5 13. Nf4 Nf6 14. Qe2 Qe7 15. Be3 Bd6 16. Rad1 e5 17. Nd5 Nxd5 18. Bxd5+ Be6 19. Qc4 Rae8 20. Bg5 Qf7 21. a4 b6 22. b3 f4 23. Bxe6 Rxe6 24. Rxd6 Rxd6 25. Be7 Qxc4 26. bxc4 Rd7 27. Bxf8 Kxf8 28. Rb1 Rd6 29. Rb5 Rc6 30. Rxe5 Rxc4 31. Rf5+ Ke7 32. Rxf4 Rxc3 33. Kg2 Ke6 34. h4 Rb3 35. Rg4 Rb4 36. Rxg7 Rxa4 37. Rxh7 Rb4 38. Rh6+ Kd5 39. h5 a4 40. Rh8 a3 41. Ra8 Rb3 42. h6 1-0


[Site "https://www.chess.com"]

[Event "Titled Tuesday Blitz April 19 Early 2022"]
[White "Andreikin, Dmitry"]
[Black "Bacrot, Etienne"]
[WhiteFideId "4158814"]
[BlackFideId "605506"]
[WhiteElo "2736"]
[BlackElo "2673"]
[Result "1-0"]
[Round "06"]
[TimeControl "180+1"]
[Date "2022.04.19"]
[WhiteClock "0:02:04"]
[BlackClock "0:01:39"]

1. d4 d5 2. c4 dxc4 3. e4 a6 4. Bxc4 e6 5. Nf3 b5 6. Bb3 Bb7 7. O-O Nf6 8. d5 exd5 9. Nc3 dxe4 10. Bxf7+ Ke7 11. Qb3 Qd7 12. Rd1 Qc8 13. Ng5 c5 14. Bf4 Qc6 15. Be8 1-0


[Site "https://www.chess.com"]

[Event "Titled Tuesday Blitz April 19 Early 2022"]
[White "Aradhya, Garg"]
[Black "Oganian, Miran"]
[WhiteFideId "25006746"]
[BlackFideId "4122488"]
[WhiteElo "2169"]
[BlackElo "2357"]
[Result "1-0"]
[Round "06"]
[TimeControl "180+1"]
[Date "2022.04.19"]
[WhiteClock "0:00:03"]
[BlackClock "0:00:14"]

1. d4 d5 2. c4 e6 3. Nc3 a6 4. cxd5 exd5 5. a3 Nf6 6. Bg5 c6 7. e3 Nbd7 8. Bd3 Be7 9. Qc2 O-O 10. Nf3 Re8 11. O-O Nf8 12. h3 Bd6 13. Rae1 Be7 14. Ne5 N6d7 15. Bxe7 Rxe7 16. f4 f6 17. Nf3 Nb6 18. Rf2 Be6 19. Rfe2 Bf7 20. g4 Rc8 21. Kg2 c5 22. dxc5 Rxc5 23. Nd4 Bg6 24. Bxg6 hxg6 25. Qd3 Nc4 26. e4 Nb6 27. Nb3 Rc4 28. Nxd5 Kh8 29. Rd2 Rd7 30. Na5 Ne6 31. Nxc4 Rxd5 32. Qc2 Nxf4+ 33. Kf3 Nd3 34. Re3 Nxc4 35. Rdxd3 Ne5+ 36. Ke2 Rxd3 37. Rxd3 Nxd3 38. Qxd3 Qb6 39. Qc3 Kh7 40. Kf3 Qg1 41. e5 Qf1+ 42. Kg3 Qg1+ 43. Kf3 Qd1+ 44. Kg3 fxe5 45. Qxe5 Qd4 46. Qxd4 1-0


[Site "https://www.chess.com"]

[Event "Titled Tuesday Blitz April 19 Early 2022"]
[White "Araujo Filho, Luiz Antonio Coel"]
[Black "Przybylski, Wojciech"]
[WhiteFideId "2130661"]
[BlackFideId "1117599"]
[WhiteElo "2309"]
[BlackElo "2133"]
[Result "1/2-1/2"]
[Round "06"]
[TimeControl "180+1"]
[Date "2022.04.19"]
[WhiteClock "0:00:02"]
[BlackClock "0:00:05"]

1. d4 Nf6 2. Nf3 d5 3. e3 e6 4. Bd3 Be7 5. Nbd2 O-O 6. Qe2 b6 7. O-O Bb7 8. e4 dxe4 9. Nxe4 Nbd7 10. Neg5 c5 11. c3 cxd4 12. cxd4 h6 13. Nxe6 fxe6 14. Qxe6+ Rf7 15. Bc4 Qe8 16. Ne5 Nxe5 17. dxe5 Nd7 18. Bxh6 Nf8 19. Qg4 Kh8 20. e6 Nxe6 21. Bxe6 gxh6 22. Bxf7 Qxf7 23. Qh3 Qg6 24. Rfe1 Bf6 25. Re2 Rg8 26. f3 Bc8 27. Qg3 Qxg3 28. hxg3 Rxg3 29. Rc1 Rg8 30. Rc7 a5 31. Kf2 Bd4+ 32. Ke1 Bc5 33. Kd2 Ba6 34. Re6 Rxg2+ 35. Kc3 Rg7 36. Rxh6+ Kg8 37. Rxg7+ Kxg7 38. Rh3 Kf6 39. a3 a4 40. b4 axb3 41. Kxb3 Bc8 42. Rh6+ Ke5 43. Rh8 Be6+ 44. Kc2 Bd5 45. a4 Bxf3 46. Rh5+ Kd4 47. Rh4+ Be4+ 48. Kb3 Kd5 49. Rh5+ Kc6 50. Rh6+ Kb7 51. Kc4 Bf2 52. Rf6 Bg1 53. Re6 Bc6 54. Rg6 Be3 55. Kb4 Bd2+ 56. Kc4 Bxa4 57. Rg2 Be3 58. Rg3 Bc5 59. Rg2 Bd7 60. Rg3 Be6+ 61. Kb5 Bd7+ 62. Kc4 Kc6 63. Rg6+ Bd6 64. Rh6 Be8 65. Rf6 Bh5 66. Rh6 Be2+ 67. Kb3 Bf3 68. Rg6 Be4 69. Rh6 Bd5+ 70. Kc3 Kc5 71. Rg6 Be5+ 72. Kd3 b5 73. Rg5 Bd6 74. Kc3 Bc7 75. Kb2 Bd8 76. Rh5 Bf6+ 77. Kc2 b4 78. Kb1 Bd4 79. Rh4 Kc4 80. Rg4 Be6 81. Rf4 Bd5 82. Rg4 Kc3 83. Rg3+ Kc4 84. Rg4 1/2-1/2


[Site "https://www.chess.com"]

[Event "Titled Tuesday Blitz April 19 Early 2022"]
[White "Ardila, Oscar Humberto"]
[Black "Swicarz, Maciej"]
[WhiteFideId "4404742"]
[BlackFideId "1113585"]
[WhiteElo "1983"]
[BlackElo "2057"]
[Result "1/2-1/2"]
[Round "06"]
[TimeControl "180+1"]
[Date "2022.04.19"]
[WhiteClock "0:00:39"]
[BlackClock "0:00:19"]

1. d4 Nf6 2. c4 e6 3. Nc3 Bb4 4. Bd2 c5 5. dxc5 Na6 6. Nf3 Nxc5 7. e3 O-O 8. Be2 b6 9. O-O Bb7 10. Qc2 Bxc3 11. Bxc3 Be4 12. Qd2 Na4 13. Bd4 d5 14. cxd5 Qxd5 15. Rfd1 Nc5 16. Bxf6 Qxd2 17. Rxd2 gxf6 18. b4 Na4 19. Ba6 Bxf3 20. gxf3 Nc3 21. Rc1 Nd5 22. a3 Rad8 23. Rcd1 Rb8 24. e4 Nf4 25. Rd7 b5 26. Rxa7 Rb6 27. Rdd7 Kg7 28. h4 Kg6 29. Rdb7 Rxb7 30. Bxb7 Rd8 31. Bc6 Rd1+ 32. Kh2 e5 33. Be8 Rf1 34. Rxf7 Rxf2+ 35. Kg1 Ra2 36. Ra7+ Kh6 37. Bxb5 Ra1+ 38. Kf2 Ra2+ 39. Ke3 Kg6 40. Be8+ Kh6 41. Bb5 Kg6 42. Be8+ Kh6 43. Bb5 1/2-1/2


[Site "https://www.chess.com"]

[Event "Titled Tuesday Blitz April 19 Early 2022"]
[White "Aroesti, Roee"]
[Black "Shipov, Sergei"]
[WhiteFideId "2817144"]
[BlackFideId "4113624"]
[WhiteElo "2068"]
[BlackElo "2778"]
[Result "1-0"]
[Round "06"]
[TimeControl "180+1"]
[Date "2022.04.19"]
[WhiteClock "0:00:11"]
[BlackClock "0:00:10"]

1. e4 e6 2. d4 d5 3. e5 Bd7 4. Qg4 a6 5. Nf3 Bb5 6. Nbd2 Nh6 7. Qf4 Nf5 8. h4 h5 9. Bxb5+ axb5 10. Nf1 Nc6 11. Bd2 Nce7 12. Ne3 Qd7 13. Nxf5 Nxf5 14. O-O Be7 15. g3 O-O 16. a3 Ra4 17. Bb4 Bxb4 18. axb4 Rfa8 19. Rxa4 Rxa4 20. Qd2 Qe7 21. c3 b6 22. Rb1 c5 23. bxc5 bxc5 24. dxc5 Qxc5 25. Kg2 Re4 26. Qg5 Re2 27. Qd8+ Kh7 28. Rf1 Ne3+ 29. Kh3 Nxf1 30. Ng5+ Kg6 31. Qg8 Rxf2 32. Qh7# 1-0


[Site "https://www.chess.com"]

[Event "Titled Tuesday Blitz April 19 Early 2022"]
[White "Avazkhonov, Alikhon"]
[Black "Iskusnyh, Sergei"]
[WhiteFideId "14208504"]
[BlackFideId "4120027"]
[WhiteElo "1739"]
[BlackElo "2492"]
[Result "1-0"]
[Round "06"]
[TimeControl "180+1"]
[Date "2022.04.19"]
[WhiteClock "0:00:02"]
[BlackClock "0:00:01"]

1. e4 e6 2. d4 d5 3. Nd2 c5 4. exd5 exd5 5. Ngf3 Nc6 6. Bb5 cxd4 7. O-O Bd6 8. Nb3 Ne7 9. Nbxd4 O-O 10. Be3 Bg4 11. h3 Bh5 12. Re1 a6 13. Bd3 Nxd4 14. Bxd4 Nc6 15. Be2 Nxd4 16. Nxd4 Bg6 17. Bd3 Qb6 18. Bxg6 hxg6 19. Nb3 Rad8 20. Qf3 Bb8 21. c3 a5 22. Qe3 Qd6 23. g3 a4 24. Nd4 Ba7 25. Rad1 Qd7 26. Kg2 Rfe8 27. Qf4 Re7 28. Rxe7 Qxe7 29. Nf3 Qc5 30. Qd4 Qa5 31. Qf4 Qb6 32. Rd2 Qc6 33. Nd4 Qd7 34. Nf3 Re8 35. Ne5 Qe6 36. Nf3 Qe4 37. Qxe4 dxe4 38. Nd4 a3 39. bxa3 Rc8 40. Re2 Rxc3 41. Rxe4 Rxa3 42. Nb5 Rxa2 43. Nxa7 Rxa7 44. Re8+ Kh7 45. Re7 f6 46. h4 Kg8 47. g4 Ra4 48. Kg3 Ra3+ 49. f3 Rb3 50. Rc7 Kf8 51. Kf4 b6 52. Rb7 b5 53. Rb8+ Kf7 54. Rb7+ Kg8 55. g5 fxg5+ 56. Kxg5 Kh7 57. f4 Rb1 58. Kg4 Rg1+ 59. Kf3 Rf1+ 60. Kg3 Rb1 61. Kg4 b4 62. Kf3 b3 63. Rb5 Kh6 64. Kg2 Kh7 65. h5 gxh5 66. Rxh5+ Kg6 67. Rg5+ Kf6 68. Rb5 Ke6 69. Kh2 Kd6 70. Kg2 Kc6 71. Rg5 b2 72. Rg3 Rg1+ 73. Kxg1 b1=Q+ 74. Kg2 Qc2+ 75. Kh3 Qd1 76. Rc3+ Kd5 77. Rg3 Qe1 78. Rxg7 Qe2 79. Rg2 1-0


[Site "https://www.chess.com"]

[Event "Titled Tuesday Blitz April 19 Early 2022"]
[White "Babazada, Khazar"]
[Black "De Silva, L M S T"]
[WhiteFideId "13413554"]
[BlackFideId "9953698"]
[WhiteElo "2406"]
[BlackElo "1631"]
[Result "1/2-1/2"]
[Round "06"]
[TimeControl "180+1"]
[Date "2022.04.19"]
[WhiteClock "0:01:05"]
[BlackClock "0:00:48"]

1. e4 e5 2. Nf3 Nc6 3. Bb5 a6 4. Ba4 Nf6 5. O-O Be7 6. Re1 b5 7. Bb3 O-O 8. c3 d5 9. exd5 Nxd5 10. Nxe5 Nxe5 11. Rxe5 c6 12. d4 Bd6 13. Re1 Qh4 14. g3 Qh3 15. Qe2 Bg4 16. Qf1 Qh5 17. Nd2 Nf4 18. gxf4 Bxf4 19. Qg2 Bh3 20. Bd1 Qh6 21. Qf3 Bxd2 22. Bxd2 Qxd2 23. Re2 Qg5+ 24. Qg3 Qh6 25. Bb3 Be6 26. Rae1 Rae8 27. f3 Re7 28. Kf2 Rfe8 29. h4 Kf8 30. Bxe6 Rxe6 31. Rxe6 Rxe6 32. Rxe6 Qxe6 33. Qb8+ Ke7 34. Qa7+ Kd6 35. Qxa6 Qh3 36. Qa3+ Ke6 37. Qc5 Qxh4+ 38. Ke3 Qe1+ 39. Kf4 Qh4+ 40. Ke3 1/2-1/2


[Site "https://www.chess.com"]

[Event "Titled Tuesday Blitz April 19 Early 2022"]
[White "Bach, Ngoc Thuy Duong"]
[Black "Zhu, Jiner"]
[WhiteFideId "12408956"]
[BlackFideId "8608059"]
[WhiteElo "1862"]
[BlackElo "2281"]
[Result "1-0"]
[Round "06"]
[TimeControl "180+1"]
[Date "2022.04.19"]
[WhiteClock "0:01:30"]
[BlackClock "0:00:41"]

1. d4 Nf6 2. c4 e6 3. Nc3 d5 4. cxd5 Nxd5 5. e4 Nxc3 6. bxc3 c5 7. Nf3 cxd4 8. cxd4 Bb4+ 9. Bd2 Bxd2+ 10. Qxd2 O-O 11. Bc4 Nd7 12. O-O b6 13. Rfe1 Bb7 14. Rad1 Rc8 15. Bd3 h6 16. Qf4 Qf6 17. Qe3 Rfd8 18. e5 Qe7 19. Nd2 Nf8 20. Nc4 Bd5 21. Nd6 Rc7 22. Qd2 Rxd6 23. exd6 Qxd6 24. Rc1 g6 25. Rxc7 Qxc7 26. Rc1 Qd6 27. Qxh6 Bxa2 28. Rc8 Bd5 29. Bxg6 fxg6 30. Qxg6+ Kh8 31. Qf7 1-0


[Site "https://www.chess.com"]

[Event "Titled Tuesday Blitz April 19 Early 2022"]
[White "Barbashin, Igor"]
[Black "Dauner, Benedikt"]
[WhiteFideId "4155718"]
[BlackFideId "16225899"]
[WhiteElo "2138"]
[BlackElo "2230"]
[Result "1-0"]
[Round "06"]
[TimeControl "180+1"]
[Date "2022.04.19"]
[WhiteClock "0:00:54"]
[BlackClock "0:00:27"]

1. d4 Nf6 2. c4 Nc6 3. e3 e5 4. d5 Ne7 5. Nf3 Ng6 6. Nc3 Bb4 7. Bd2 O-O 8. a3 Bxc3 9. Bxc3 d6 10. Qc2 c6 11. dxc6 bxc6 12. Rd1 Qc7 13. h4 Bg4 14. h5 Bxh5 15. Bd3 d5 16. cxd5 cxd5 17. Nxe5 Bxd1 18. Kxd1 Nxe5 19. Bxh7+ Kh8 20. Bf5+ Kg8 21. Bh7+ Kh8 22. Bf5+ Nh7 23. Bxh7 g6 24. f4 f6 25. fxe5 fxe5 26. Qxg6 Qg7 27. Bxe5 Qxe5 28. Bg8+ 1-0


[Site "https://www.chess.com"]

[Event "Titled Tuesday Blitz April 19 Early 2022"]
[White "Bashirli, Saadat"]
[Black "Reprintsev, Alexander"]
[WhiteFideId "13429990"]
[BlackFideId "14100541"]
[WhiteElo "1173"]
[BlackElo "2108"]
[Result "0-1"]
[Round "06"]
[TimeControl "180+1"]
[Date "2022.04.19"]
[WhiteClock "0:01:39"]
[BlackClock "0:01:57"]

1. d4 d5 2. Bg5 Nc6 3. Nf3 f6 4. Bf4 Bg4 5. e3 e5 6. dxe5 fxe5 7. Bg5 Bxf3 8. Qxf3 Qxg5 9. Qxd5 Nf6 10. Qe6+ Be7 11. Bc4 Qxg2 12. Qf7+ Kd8 13. Rf1 Qg6 14. Qe6 Nd7 15. Qd5 Nb4 16. Qd2 Nxc2+ 17. Ke2 Nxa1 18. Nc3 Qg4+ 19. f3 Qxc4+ 0-1


[Site "https://www.chess.com"]

[Event "Titled Tuesday Blitz April 19 Early 2022"]
[White "Belenkaya, Dina"]
[Black "Ning, Kaiyu"]
[WhiteFideId "24142654"]
[BlackFideId "8614750"]
[WhiteElo "2196"]
[BlackElo "2013"]
[Result "0-1"]
[Round "06"]
[TimeControl "180+1"]
[Date "2022.04.19"]
[WhiteClock "0:00:46"]
[BlackClock "0:00:27"]

1. e4 c5 2. Nc3 d6 3. Nf3 Nf6 4. g3 Nc6 5. Bg2 g6 6. O-O Bg7 7. d3 Rb8 8. h3 b5 9. Be3 b4 10. Nd5 O-O 11. Qd2 a5 12. Bh6 e6 13. Bxg7 Kxg7 14. Ne3 d5 15. e5 Nd7 16. Ng4 Kh8 17. Qh6 Rg8 18. Ng5 Rg7 19. f4 Ne7 20. Nf6 Nf5 21. Nxf7+ Rxf7 22. Qg5 Nxf6 23. g4 Ne3 24. Rf3 Nxg2 25. f5 exf5 26. Kxg2 Bb7 27. e6 Rf8 28. Kh2 Qd6+ 29. Kg1 Qxe6 30. gxf5 gxf5 31. Raf1 Rg8 0-1


[Site "https://www.chess.com"]

[Event "Titled Tuesday Blitz April 19 Early 2022"]
[White "Belozerov, Andrei"]
[Black "Yeletsky, Ivan"]
[WhiteFideId "4120213"]
[BlackFideId "24180327"]
[WhiteElo "2320"]
[BlackElo "2319"]
[Result "1-0"]
[Round "06"]
[TimeControl "180+1"]
[Date "2022.04.19"]
[WhiteClock "0:00:19"]
[BlackClock "0:00:19"]

1. e4 e5 2. Nf3 Nf6 3. Nxe5 d6 4. Nf3 Nxe4 5. Qe2 Qe7 6. d3 Nf6 7. Bg5 Nbd7 8. Nc3 c6 9. O-O-O Qxe2 10. Bxe2 d5 11. Rde1 Bd6 12. Bd1+ Kd8 13. h3 h6 14. Bd2 Kc7 15. g4 b5 16. Nd4 b4 17. Nce2 Nb6 18. Ng3 g6 19. Re2 a6 20. Rhe1 c5 21. Nf3 Bd7 22. Ne5 Be8 23. Bf4 Nfd7 24. d4 c4 25. Kb1 f6 26. Nxd7 Bxd7 27. Bxd6+ Kxd6 28. c3 a5 29. Bc2 Rhg8 30. Kc1 Rae8 31. Rxe8 Bxe8 32. Kd2 Bf7 33. h4 Be6 34. f3 Bd7 35. h5 Be8 36. hxg6 Bxg6 37. Bxg6 Rxg6 38. Nf5+ Kc6 39. Re6+ Kc7 40. Ng3 Na4 41. Kc2 Rg8 42. Rxf6 Re8 43. Rxh6 bxc3 44. bxc3 Re3 45. Rf6 Rxc3+ 46. Kd2 Rd3+ 47. Ke2 Nc3+ 48. Kf2 Nd1+ 49. Ke2 c3 50. Kxd3 1-0


[Site "https://www.chess.com"]

[Event "Titled Tuesday Blitz April 19 Early 2022"]
[White "Biletskiy, Danylo"]
[Black "Kahlert, Thomas"]
[WhiteFideId "14155419"]
[BlackFideId "4625242"]
[WhiteElo "2087"]
[BlackElo "2228"]
[Result "1-0"]
[Round "06"]
[TimeControl "180+1"]
[Date "2022.04.19"]
[WhiteClock "0:00:55"]
[BlackClock "0:00:58"]

1. e4 e5 2. Nf3 Nc6 3. d4 exd4 4. Bc4 Nf6 5. e5 Ne4 6. Qe2 Nc5 7. O-O Be7 8. Rd1 Ne6 9. c3 d5 10. exd6 Qxd6 11. cxd4 Ncxd4 12. Nxd4 Nxd4 13. Qe4 c5 14. Bf4 Qc6 15. Bd5 Qg6 16. Bxb7 Bxb7 17. Qxb7 O-O 18. Qxe7 Nc2 19. Nc3 Nxa1 20. Rxa1 Qc2 21. Qe2 Qxe2 22. Nxe2 Rfe8 23. Be3 Rab8 24. b3 Rec8 25. Rc1 c4 26. bxc4 Rb2 27. Kf1 Rxa2 28. c5 Rc6 29. Nd4 Rc8 30. c6 f6 31. c7 Kf7 32. Nb5 1-0


[Site "https://www.chess.com"]

[Event "Titled Tuesday Blitz April 19 Early 2022"]
[White "Bilych, Olexiy"]
[Black "Chan, Kim Yew"]
[WhiteFideId "14156504"]
[BlackFideId "5717981"]
[WhiteElo "2176"]
[BlackElo "2206"]
[Result "1/2-1/2"]
[Round "06"]
[TimeControl "180+1"]
[Date "2022.04.19"]
[WhiteClock "0:00:31"]
[BlackClock "0:01:09"]

1. e4 c5 2. Nf3 e6 3. d4 cxd4 4. Nxd4 Nc6 5. Nc3 Qc7 6. Be3 a6 7. Be2 Nf6 8. O-O Bb4 9. Na4 Be7 10. Nxc6 bxc6 11. Nb6 Rb8 12. Nxc8 Qxc8 13. Qd3 O-O 14. Bd4 a5 15. b3 d5 16. exd5 cxd5 17. c4 dxc4 18. Qxc4 Rd8 19. Be5 Bd6 20. Bc3 Bb4 21. Bxf6 Qxc4 22. Bxc4 gxf6 23. Rad1 f5 24. g3 Kf8 25. Kg2 Ke7 26. Kf3 Rxd1 27. Rxd1 Rd8 28. Rxd8 Kxd8 29. Kf4 Bd2+ 30. Ke5 Ke7 31. Kd4 Be1 32. f3 Kd6 33. Be2 h6 34. Kc4 Kc6 35. g4 fxg4 36. fxg4 f5 37. Bf3+ Kb6 38. Kd4 fxg4 39. Bxg4 Bb4 40. Bxe6 Be7 41. Bd7 Bh4 42. Ke4 Bg5 43. Kf5 Bd8 44. Kg4 Bg5 45. Be8 Bc1 46. h3 Bd2 47. Kf5 Bc1 48. Ke4 Bg5 49. Kd4 Bc1 50. Kc4 Bd2 51. Bd7 Bc1 52. Kc3 Bf4 53. Be8 Be5+ 54. Kc4 Bf4 55. Kd3 Bg5 56. Bf7 Bd8 57. Kc2 Be7 58. Be6 Bd8 59. Kb2 Bf6+ 60. Ka3 Bh4 61. Ka4 Be1 62. a3 Bd2 63. b4 axb4 64. axb4 Be1 65. Kb3 Bd2 66. Kc4 Be1 67. Bd7 Bd2 68. b5 Be1 69. Kd3 Bh4 70. Ke4 Bg5 71. Kf5 Bc1 72. Kg6 Kc7 73. Be8 Kb6 74. Kh5 Kc7 75. Kg4 Kb6 76. Kf3 Kc7 77. Ke4 Kb6 78. Kd5 Bd2 79. Kc4 Bc1 80. Kc3 Bg5 81. Kd3 Bd8 82. Ke4 Bg5 83. Kf5 Bc1 84. Kg4 Bd2 85. Kh5 Bc1 86. h4 Bd2 87. Kg4 1/2-1/2


[Site "https://www.chess.com"]

[Event "Titled Tuesday Blitz April 19 Early 2022"]
[White "Bluebaum, Matthias"]
[Black "Visakh N R"]
[WhiteFideId "24651516"]
[BlackFideId "25012223"]
[WhiteElo "2550"]
[BlackElo "2448"]
[Result "1-0"]
[Round "06"]
[TimeControl "180+1"]
[Date "2022.04.19"]
[WhiteClock "0:01:13"]
[BlackClock "0:01:53"]

1. d4 Nf6 2. c4 e6 3. Nc3 d5 4. cxd5 exd5 5. Bg5 Be7 6. e3 c6 7. Bd3 O-O 8. h3 Nbd7 9. Qc2 Re8 10. Nf3 Nf8 11. O-O Ng6 12. Ne5 Nd7 13. Bxe7 Qxe7 14. f4 Ndf8 15. Rae1 Nh8 16. e4 dxe4 17. Bxe4 Qd8 18. d5 cxd5 19. Nxd5 Be6 20. Rd1 Rc8 21. Qa4 a6 22. Qb4 b5 23. a4 bxa4 24. Nb6 a5 25. Rxd8 axb4 26. Nxc8 Rxd8 27. Ne7# 1-0


[Site "https://www.chess.com"]